AoeStats
← NoDdy

Arena

509164755Analyzed
2v2 RM · 6d ago on Sep 25, 2026· 56m 45s· 4 players
Game mode
Random Map
Map size
Medium (4 player)
Population
200
Speed
Normal
Resources
Standard
Victory
Conquest
Starting age
Dark Age
Ending age
Imperial Age
RankedLock teamsTeams togetherTeam positionsShared explorationLock speedFull tech treeHidden civsTurbo modeCheats
Victory
Defeat
🇹🇷 Japanese · Türkiye
761
+16
🇬🇧 Spanish · United Kingdom
719
+18
🇬🇧 Khmer · United Kingdom
802
-19
🇬🇧 Franks · United Kingdom
714
-15
ozgurulas90
4:41 Loom
13:40 Feudal Age
15:36 Double-Bit Axe
18:20 Castle Age
16:39 Horse Collar
18:11 Stone Mining
18:12 Gold Mining
18:35 Forging
18:39 Scale Mail Armor
19:58 Bow Saw
20:26 Gold Shaft Mining
21:45 Heavy Plow
22:27 Iron Casting
26:12 Town Watch
27:08 Wheelbarrow
40:45 Imperial Age
43:14 Town Patrol
43:30 Hand Cart
43:01 Loom
43:25 Scale Barding Armor
43:36 Chain Mail Armor
44:22 Blast Furnace
45:00 Two-Man Saw
44:30 Conscription
43:32 Elite Samurai
44:36 Kataparuto
44:56 Hoardings
46:21 Chain Barding Armor
46:21 Husbandry
45:42 Cavalier
46:42 Caravan
DOX BRAZIL
0:28 Loom
10:26 Feudal Age
17:30 Castle Age
16:33 Stone Mining
18:17 Horse Collar
18:25 Double-Bit Axe
20:47 Gold Mining
22:32 Town Watch
32:46 Imperial Age
30:39 Padded Archer Armor
31:25 Stone Shaft Mining
31:21 Heavy Plow
31:54 Husbandry
32:05 Bloodlines
32:51 Caravan
33:32 Forging
33:52 Scale Barding Armor
36:10 Wheelbarrow
37:21 Chemistry
37:13 Conscription
37:59 Ballistics
38:38 Cavalier
42:18 Paladin
46:15 Chain Barding Armor
47:33 Plate Barding Armor
56:29 Spies/Treason
Artful
6:42 Loom
11:01 Feudal Age
11:47 Double-Bit Axe
12:59 Wheelbarrow
14:13 Forging
14:18 Scale Barding Armor
17:55 Fletching
18:07 Padded Archer Armor
22:27 Castle Age
23:52 Husbandry
23:49 Gold Mining
24:32 Hand Cart
NoDdy
11:21 Feudal Age
16:01 Castle Age
18:41 Horse Collar
25:52 Pikeman
30:03 Wheelbarrow
31:36 Double-Bit Axe
33:38 Ballistics
33:13 Murder Holes
34:54 Bow Saw
34:48 Heavy Plow
37:21 Imperial Age
35:07 Hand Cart
35:13 Hand Cart
34:45 Town Watch
36:10 Fortified Wall
37:32 Heavy Scorpion
42:20 Chemistry
43:37 Siege Engineers
50:35 Husbandry
49:56 Cavalier
Connection lost

Rejoining the realm…

Still unreachable

The connection could not be restored.

Session expired

The server has moved on; the page needs a fresh start.